 Dungeon Crawl Stone Soup version 0.31.0-32-g396128a36d (webtiles) character file.

Game seed: 5092729648075266518

65 PaiMei the Grave Robber (level 3, -2/26 HPs)
             Began as a Demonspawn Necromancer on Mar 29, 2024.
             Slain by a gnoll
             ... wielding a +0 club
              (6 damage)
             ... on level 2 of the Dungeon.
             The game lasted 00:02:01 (1985 turns).

PaiMei the Grave Robber (Demonspawn Necromancer)    Turns: 1985, Time: 00:02:02

Health: -2/26      AC:  3    Str:  8    XL:     3   Next: 92%
Magic:  1/6        EV: 12    Int: 17    God:
Gold:   193        SH:  0    Dex: 13    Spells: 3/7 levels left

rFire   . . .        i - staff of death
rCold   . . .        (no shield)
rNeg    + . .        a - +0 robe
rPois   .            (helmet restricted)
rElec   .            e - +0 cloak
rCorr   .            (no gloves)
SInv    .            (no boots)
Will    .....        (no amulet)
Stlth   ++           (no ring)
HPRegen 0.24/turn    (no ring)
MPRegen 0.10/turn

%: no passive effects
@: no status effects
A: horns 1, foul stench 1
a: no special abilities


You were on level 2 of the Dungeon.
You visited 1 branch of the dungeon, and saw 3 of its levels.

You collected 193 gold pieces.

Inventory:

Hand Weapons
 c - a +0 dagger
Armour
 a - a +0 robe (worn)
 e - a +0 cloak (worn)
Magical Staves
 i - a staff of death (weapon)
Scrolls
 d - a scroll of enchant armour {unknown}
 g - a scroll of teleportation {unknown}
 l - a scroll of enchant weapon {unknown}
 m - a scroll of identify {unknown}
 n - a scroll of silence {unknown}
Potions
 b - a potion of magic
 f - a potion of heal wounds {unknown}
 h - a potion of resistance {unknown}
 j - a potion of mutation {unknown}
 k - a potion of might {unknown}


   Skills:
 + Level 1.3 Fighting
 + Level 2.4 Dodging
 - Level 2.0 Stealth
 + Level 2.5 Spellcasting
 + Level 4.9 Necromancy


You had 3 spell levels left.
You knew the following spells:

 Your Spells              Type           Power      Damage    Failure   Level
a - Necrotise             Necr           100%       1d9       2%          1
b - Vampiric Draining     Necr           28%        2d8       8%          3

Your spell library contained the following spells:

 Spells                   Type           Power      Damage    Failure   Level
 Animate Dead             Necr           28%        N/A       24%         4
 Curse of Agony           Necr           28%        N/A       56%         5


Dungeon Overview and Level Annotations

Branches:
Dungeon (3/15)

Altars:


Innate Abilities, Weirdness & Mutations

You have a pair of small horns on your head.
You may rarely emit foul miasma when damaged in melee.


Message History

Your gnoll skeleton barely misses the gnoll.
The gnoll hits you with a +0 club.
Casting: Necrotise (safe; 2% risk of failure)
Confirm with . or Enter, or press ? or * to list all spells.
You don't have enough magic to cast this spell.
You hit the gnoll.
The gnoll writhes in agony.
You headbutt the gnoll, but do no damage.
You punch the gnoll.
The gnoll is heavily wounded.
The gnoll hits you but does no damage. The gnoll hits you with a +0 club.
* * * LOW HITPOINT WARNING * * *
Your gnoll skeleton barely misses the gnoll.
Casting: Necrotise (safe; 2% risk of failure)
Confirm with . or Enter, or press ? or * to list all spells.
You don't have enough magic to cast this spell.
The gnoll attacks as it pursues you! The gnoll hits you with a +0 club.
* * * LOW HITPOINT WARNING * * *
Your gnoll skeleton hits the gnoll.
The gnoll attacks as it pursues you! The gnoll barely misses you.
The gnoll attacks as it pursues you! The gnoll barely misses you.
There is a stone staircase leading up here.
The gnoll hits you but does no damage.
You climb upwards.
There is a stone staircase leading down here.
Casting: Necrotise (safe; 2% risk of failure)
Confirm with . or Enter, or press ? or * to list all spells.
You don't have enough magic to cast this spell.
Casting: Necrotise (safe; 2% risk of failure)
Confirm with . or Enter, or press ? or * to list all spells.
You don't have enough magic to cast this spell.
Casting: Necrotise (safe; 2% risk of failure)
Confirm with . or Enter, or press ? or * to list all spells.
You don't have enough magic to cast this spell.
Casting: Necrotise (safe; 2% risk of failure)
Confirm with . or Enter, or press ? or * to list all spells.
You don't have enough magic to cast this spell.
You hit the gnoll. Your headbutt misses the gnoll.
The gnoll is heavily wounded.
The gnoll hits you with a +0 club.
You die...

#.##............# ##.#### #.
#.###.###.####### #.# #. #.#
#.# #.# #.# #. #.###.###.##
#.# #. #.<........# #.# #.
####...##..# #.######.
###.....#..#########.##....<
##
#..........g.......#.##.....
#.
#.#.....#..@.........##.....
)##
#.##...###.#######.####.....
P.# #.###.## #.# #.# #......


PP# #.# #.# #.# #.# #...... ..# #.# #.####.# #.# ##..... ..# #.#
#......#######.# #..... .## #.####..........##.# #.....
..####..###.##..####.##.# ###### ................## #....# You could see a
gnoll.

Vanquished Creatures
  A gnoll (D:3)
  An adder (D:2)
  A dart slug (D:3)
  7 ball pythons
  2 bats (D:1)
  4 endoplasms
  A giant cockroach (D:3)
  3 hobgoblins
  A quokka (D:1)
  5 goblins
  5 kobolds
  6 rats
37 creatures vanquished.

Vanquished Creatures (collateral kills)
  2 endoplasms (D:1)
  A hobgoblin (D:1)
3 creatures vanquished.

Grand Total: 40 creatures vanquished

Notes
Turn   | Place    | Note
-------+----------+-------------------------------------------
     0 | D:1      | PaiMei the Demonspawn Necromancer began the quest for the
                  | Orb.
     0 | D:1      | Reached XP level 1. HP: 13/13 MP: 3/3
   193 | D:1      | Gained mutation: You may rarely emit foul miasma when
                  | damaged in melee. [demonic ancestry]
   193 | D:1      | Reached XP level 2. HP: 19/19 MP: 0/5
  1050 | D:2      | Gained mutation: You have a pair of small horns on your
                  | head. [demonic ancestry]
  1050 | D:2      | Reached XP level 3. HP: 25/25 MP: 2/6
  1054 | D:2      | Learned a level 3 spell: Vampiric Draining
  1312 | D:2      | Reached skill level 1 in Fighting
  1985 | D:2      | Slain by a gnoll

Illustrated notes

Levels and vault maps discovered:
D:1:      lightli_arrival_windingriver, layout_rooms, st_stairs_7,
          minmay_misc_feat_nine_boxes, nrook_loot_triangle
D:2:      layout_loops_ring, minmay_misc_feat_diagonals, minmay_misc_feat_tower,
          minmay_quadrilaterals, uniq_crazy_yiuf_cottage
D:3:      layout_rooms, chequers_garden

Skill      XL: |  1  2  3 |
---------------+----------+-----
Stealth        | 2 |  2.0
Dodging        | 2 |  2.4
Fighting       | 1 |  1.3
Spellcasting   | |  2.5
Necromancy     | |  4.9

Action                     || total
---------------------------++-------
  Melee: Dagger            ||     6
         Unarmed           ||     2
         Staff             ||     3
         Headbutt          ||     1
         Punch             ||     1
   Cast: Necrotise         ||    65
   Stab: Distracted        ||     1
 Armour: Robe              ||    24
  Dodge: Dodged            ||    21
